 Dungeon Crawl Stone Soup version 0.28-a0-199-g298df9dbad (webtiles) character file.

Game seed: 16400135047660394343

17 Fliam the Sneak (level 2, 0/13 HPs)
             Began as a Spriggan Venom Mage on Aug 20, 2021.
             Succumbed to an adder's poison
             ... on level 2 of the Dungeon.
             The game lasted 00:09:03 (869 turns).

Fliam the Sneak (Spriggan Venom Mage)                Turns: 869, Time: 00:09:04

Health: 0/13       AC:  2    Str:  4    XL:     2   Next: 44%
Magic:  0/6        EV: 17    Int: 16    God:
Gold:   34         SH:  0    Dex: 15    Spells: 5/6 levels left

rFire   . . .      SeeInvis +   c - +2 dagger (speed)
rCold   . . .      Faith    .   (shield restricted)
rNeg    . . .      Spirit   .   a - +0 robe
rPois   .          Reflect  .   (helmet restricted)
rElec   .          Harm     .   (no cloak)
rCorr   .          Rampage  .   (gloves unavailable)
Will    .....                   (boots unavailable)
Stlth   +++.......              (no amulet)
HPRegen 0.04/turn               (no ring)
MPRegen 0.10/turn               (no ring)

@: lethally poisoned (0 -> -5), very quick
A: very small, no large weapons, unfitting armour, see invisible, speed 3
a: no special abilities


You were on level 2 of the Dungeon.
You visited 1 branch of the dungeon, and saw 2 of its levels.

You collected 34 gold pieces.

Inventory:

Hand Weapons
 b - a +0 hand axe
 c - a +2 dagger of speed (weapon)
 e - a +0 hunting sling
 i - a +0 short sword
 j - a +0 dagger
 l - a +0 flail
Missiles
 f - 9 bolts
 h - 24 arrows
Armour
 a - a +0 robe (worn)
 g - a +0 pair of gloves
 k - a +0 helmet
Potions
 d - a potion of cancellation


   Skills:
 + Level 3.0 Dodging
 + Level 3.7 Stealth
 + Level 0.1 Unarmed Combat
 + Level 2.9 Spellcasting
 + Level 1.5 Transmutations
 + Level 3.2 Poison Magic


You had 5 spell levels left.
You knew the following spells:

 Your Spells              Type           Power      Damage    Failure   Level
a - Sting                 Tmut/Pois      40%        1d5       7%          1

Your spell library contained the following spells:

 Spells                   Type           Power      Damage    Failure   Level
 Poisonous Vapours        Pois/Air       14%        N/A       14%         2
 Mephitic Cloud           Conj/Pois/Air  5%         N/A       36%         3
 Olgreb's Toxic Radiance  Pois           12%        N/A       45%         4
 Frozen Ramparts          Ice            4%         1d2       50%         3
 Ice Form                 Ice/Tmut       4%         N/A       80%         4
 Summon Ice Beast         Ice/Summ       2%         N/A       88%         4


Dungeon Overview and Level Annotations

Branches:
Dungeon (2/15)

Altars:

Shops:
D:1 (


Innate Abilities, Weirdness & Mutations

You are very small and have problems with some larger weapons.
You are too small for most types of armour.
You have supernaturally acute eyesight. (SInv)
You cover ground extremely quickly. (Speed+++)


Message History

The hobgoblin is heavily wounded.
Casting: Sting (safe; 8% risk of failure)
Confirm with . or Enter, or press ? or * to list all spells.
Aiming: Sting (safe; 8% risk of failure)
Press: ? - help, Shift-Dir - straight line, f/p - hobgoblin
Aim: a hobgoblin (heavily wounded, poisoned, 68% to hit)
The sting hits the hobgoblin.
The hobgoblin looks even sicker.
You kill the hobgoblin!
You have reached level 2!
Casting: Sting (safe; 8% risk of failure)
Confirm with . or Enter, or press ? or * to list all spells.
Aiming: Sting (safe; 8% risk of failure)
Press: ? - help, Shift-Dir - straight line, f - adder
Aim: an adder (48% to hit)
The sting hits the adder.
The adder is poisoned.
The adder is moderately wounded.
Casting: Sting (safe; 8% risk of failure)
Confirm with . or Enter, or press ? or * to list all spells.
Aiming: Sting (safe; 8% risk of failure)
Press: ? - help, Shift-Dir - straight line, f/p - adder
Aim: an adder (heavily wounded, poisoned, 48% to hit)
The sting hits the adder.
The adder looks even sicker.
The adder is severely wounded.
The adder bites you.
* * * LOW HITPOINT WARNING * * *
You are lethally poisoned!
The adder poisons you!
You hit the adder.
You kill the adder!
* * * LOW HITPOINT WARNING * * *
You feel sick.
Your Dodging skill increases to level 3!
Casting: Sting (safe; 7% risk of failure)
Confirm with . or Enter, or press ? or * to list all spells.
Aiming: Sting (safe; 7% risk of failure)
Press: ? - help, Shift-Dir - straight line, f - giant cockroach
Aim: a giant cockroach (heavily wounded, 71% to hit)
The sting hits the giant cockroach.
The giant cockroach is poisoned.
You kill the giant cockroach!
You die...

#.......##...#
#.......##...+
#.......+....#
#.....).#.#.##
####+#..SB#.#
#...S#.#
#....#S#
#....#.#
#....#@#
#....#.#
#....#.#
######.# #.#
..# ###


You could see a ball python.

Vanquished Creatures
  An adder (D:2)
  A bat (D:1)
  2 giant cockroaches
  2 hobgoblins
  A frilled lizard (D:1)
  A goblin (D:2)
  A kobold (D:1)
  A rat (D:1)
10 creatures vanquished.

Notes
Turn   | Place    | Note
-------+----------+-------------------------------------------
     0 | D:1      | Fliam the Spriggan Venom Mage began the quest for the Orb.
     0 | D:1      | Reached XP level 1. HP: 9/9 MP: 5/5
   444 | D:1      | Found Qaem's Antique Weapon Shop.
   550 | D:1      | Found a faded altar of an unknown god.
   864 | D:2      | Reached XP level 2. HP: 4/13 MP: 3/6
   869 | D:2      | Succumbed to an adder's poison

Illustrated notes

Levels and vault maps discovered:
D:1:      eino_arrival_water_cross, layout_basic, basic_ecumenical_altar,
          serial_shops, shop_statue
D:2:      layout_basic, serial_rivers, chequers_serial_rivers_room_a,
          chequers_serial_rivers_room_a, chequers_serial_rivers_micro_d,
          chequers_serial_rivers_small_3, uniq_crazy_yiuf_cottage, uniq_sigmund,
          uniq_robin

Skill      XL: |  1  2 |
---------------+-------+-----
Dodging        | 3 |  3.0
Stealth        | |  3.7
Unarmed Combat | |  0.1
Spellcasting   | |  2.9
Transmutations | |  1.5
Poison Magic   | |  3.2

Action                   || total
-------------------------++-------
Melee: Dagger            ||    18
       Unarmed           ||    10
 Cast: Sting             ||     7
  Use: Potion            ||     3
 Stab: Sleeping          ||     3
Armor: Robe              ||     3
Dodge: Dodged            ||    31

Table legend: (Time is in decaauts)
 A = Elapsed time spent in this place.
 B = Non-inter-level travel time spent in this place.
 C = Inter-level travel time spent in this place.
 D = Time resting spent in this place.
 E = Time spent auto-exploring this place.
 F = Levels seen in this place.
 G = Mean time per level.
                   A        B        C        D        E       F      G
               +--------+--------+--------+--------+--------+-----+--------+
         Total |    571 |    570 |      1 |     69 |      0 |   2 |  285.5 |
       Dungeon |    571 |    570 |      1 |     69 |      0 |   2 |  285.5 |
               +--------+--------+--------+--------+--------+-----+--------+

Top non-repeatable levels by time:
     D:1: 547 daAuts
     D:2: 23 daAuts
